Map: Amygdala

Players

이준상조오옷 - Winner!

  • Race: Terran Terran
  • League: Master
  • Spawn Location: 7:00

deadlyKitten

  • Race: Protoss Protoss
  • League: Grandmaster
  • Spawn Location: 1:00

VOD

Have the link to the VOD?

Description

Time

  • Played on: Jan. 15, 2025, 7:07 a.m.
  • Length: 14:50
Show
View Real Time Build Order
Export as new Build Order

이준상조오옷 Terran - Winner!

Build Orders: Reaper Expand 

Get SALT Encoding   

  12  0:00  SCV  
  13  0:12  SCV  
  14  0:16  Supply Depot  
  14  0:24  SCV  
  15  0:38  SCV  
  15  0:40  Barracks  
  16  0:44  Refinery  
  16  0:50  SCV  
  17  1:02  SCV  
  18  1:14  SCV  
  19  1:28  Reaper, Orbital Command  
  20  1:38  Command Center  
  20  1:48  Supply Depot  
  20  1:54  SCV  
  21  2:00  Barracks Reactor  
  21  2:06  SCV  
  22  2:17  Command Center  
  22  2:19  SCV  
  23  2:31  SCV  
  23  2:34  Barracks  
  24  2:40  Marine x2  
  24  2:43  SCV  
  27  2:50  Orbital Command  
  27  2:55  SCV  
  27  2:58  Marine x2  
  28  2:59  Barracks  
  30  3:07  SCV  
  31  3:15  Refinery  
  31  3:16  Marine x2  
  31  3:18  SCV  
  35  3:20  SCV  
  35  3:28  Barracks Tech Lab  
  35  3:30  SCV  
  35  3:33  Orbital Command  
  35  3:35  Marine x2  
  35  3:38  SCV  
  38  3:42  Bunker  
  38  3:43  SCV  
  38  3:48  Barracks Tech Lab  
  39  3:50  SCV  
  39  3:55  SCV  
  41  3:56  Supply Depot, Marine x2  
  41  3:57  Marine  
  41  3:58  Stimpack  
  44  4:03  SCV  
  44  4:07  Combat Shield  
  45  4:11  Factory  
  45  4:13  Marine  
  45  4:14  Marine  
  47  4:18  SCV  
  47  4:19  Supply Depot  
  47  4:23  SCV x2  
  50  4:27  Engineering Bay  
  50  4:29  Marine x2  
  52  4:33  Marine  
  52  4:34  Marine  
  52  4:35  SCV  
  55  4:42  Refinery  
  55  4:43  Refinery  
  55  4:47  Marine x2  
  55  4:50  SCV  
  55  4:51  SCV x2  
  60  4:57  Marauder  
  60  4:59  Marine  
  63  5:01  Starport  
  63  5:03  Factory Reactor  
  63  5:04  SCV x2  
  65  5:09  Marine, Marauder  
  65  5:11  SCV  
  69  5:14  Missile Turret  
  69  5:18  Marine  
  69  5:20  SCV  
  71  5:21  Terran Infantry Weapons Level 1  
  71  5:25  Supply Depot, Marauder  
  71  5:26  Supply Depot  
  71  5:27  Concussive Shells  
  73  5:30  SCV  
  74  5:36  SCV x2  
  74  5:40  Supply Depot  
  76  5:44  Medivac  
  76  5:47  Widow Mine  
  78  5:56  Barracks, Marine x2, Marauder x2  
  84  5:59  Barracks  
  84  6:04  SCV x2  
  86  6:06  SCV  
  86  6:20  Medivac, Factory Reactor  
  86  6:22  Marine  
  86  6:23  Marine, Marauder x2  
  86  6:25  SCV  
  95  6:26  SCV, Engineering Bay  
  95  6:27  Armory  
  95  6:30  Supply Depot x2  
  96  6:41  Marine  
  96  6:42  Marine  
  96  6:44  Marauder  
  96  6:46  SCV  
  101  6:47  Supply Depot  
  101  6:52  Barracks Tech Lab, Barracks Reactor, Marauder  
  103  6:55  Supply Depot  
  103  6:57  Supply Depot  
  103  7:03  Orbital Command  
  103  7:09  Factory Reactor  
  103  7:13  Marine  
  103  7:14  Marine x2, Marauder x2  
  109  7:16  Terran Infantry Armor Level 1  
  109  7:26  Medivac x2  
  109  7:27  SCV x2  
  109  7:29  SCV  
  116  7:30  Marine x2  
  116  7:32  Marauder  
  116  7:35  Marauder  
  116  7:36  Marauder  
  124  7:39  SCV  
  124  7:40  SCV  
  126  7:45  Marine x2  
  126  7:46  SCV  
  129  7:51  SCV, Supply Depot x2  
  129  7:52  SCV, Supply Depot  
  129  7:54  Marauder  
  129  7:55  Marine  
  129  7:57  Marauder  
  129  7:58  Marauder  
  136  8:10  Marine x3  
  138  8:15  Marauder  
  138  8:16  Medivac x2  
  138  8:18  Marauder  
  138  8:19  SCV  
  147  8:21  Refinery, Supply Depot  
  147  8:23  SCV x2, Refinery  
  147  8:24  Missile Turret, Terran Infantry Weapons Level 2  
  147  8:26  Ghost Academy  
  149  8:27  Terran Ship Weapons Level 1  
  149  8:30  Marine  
  149  8:31  Marine, Marauder  
  149  8:33  Widow Mine  
  149  8:34  Widow Mine  
  157  8:36  Marauder  
  152  8:46  Marine, Marauder  
  144  8:52  Marauder  
  144  8:54  Marine  
  144  8:55  Marine  
  147  8:58  Medivac x2, Marauder  
  147  8:59  Marine, Widow Mine x2  
  147  9:00  SCV x2  
  160  9:04  Command Center, Marine  
  160  9:08  Marauder  
  163  9:12  Marine x2  
  163  9:14  Marauder  
  166  9:19  Marauder  
  166  9:20  Marine  
  166  9:22  Marine  
  168  9:28  Medivac  
  168  9:29  Medivac  
  168  9:30  Marine  
  165  9:38  Terran Infantry Armor Level 2  
  165  9:40  Marine x3  
  165  9:41  Marauder x2  
  165  9:43  SCV  
  173  9:49  Supply Depot  
  173  9:50  Starport  
  173  10:11  Viking x2, Marine x2, Marauder  
  173  10:13  Marauder x2  
  172  10:27  Marine  
  167  10:33  Marauder  
  167  10:35  Marine, Marauder x2  
  115  10:44  Marine x2  
  115  10:45  Marine  
  114  10:53  Viking x2, Marine  
  114  10:54  Marauder  
  114  10:56  Marauder x2  
  119  11:02  Marine x2  
  119  11:03  Marine  
  119  11:07  Missile Turret  
  119  11:11  Marine  
  116  11:13  Viking  
  116  11:14  Viking  
  116  11:16  Terran Infantry Weapons Level 3, Marauder  
  116  11:18  SCV x2, Marauder x2  
  129  11:26  SCV  
  129  11:28  Marine  
  129  11:29  Marine x3  
  129  11:32  SCV x2  
  136  11:37  Marauder  
  136  11:39  SCV, Marauder x2  
  143  11:44  Planetary Fortress, Barracks x2, Viking  
  143  11:45  Barracks  
  143  11:46  Marine x2  
  146  11:48  Missile Turret  
  146  11:51  SCV  
  148  11:55  Marine x2  
  148  11:58  Marauder, Terran Infantry Armor Level 3  
  148  12:00  Marauder x2  
  156  12:04  Marine x2  
  153  12:11  SCV x3  
  153  12:13  Marine  
  153  12:15  Marine  
  158  12:20  Marauder  
  158  12:22  Marine x2, Marauder x2  
  159  12:23  SCV  
  160  12:32  Barracks Tech Lab x3  
  160  12:34  Fusion Core  
  160  12:36  SCV  
  160  12:37  SCV x2  
  163  12:39  Sensor Tower  
  163  12:40  Marine x3  
  163  12:41  Marine, Marauder  
  163  12:43  Marauder x2  
  169  12:52  Marine, Marauder x2  
  169  12:53  Liberator x2  
  169  12:58  Marine x2  
  179  13:02  Marauder  
  183  13:11  Marine  
  183  13:12  Marine, Marauder x3  
  191  13:13  Marine x2  
  191  13:16  Marine x2  
  194  13:30  Marine  
  194  13:31  Marine x2, Marauder x2  
  198  13:34  Marine, Marauder  
  162  13:52  Marine x4, Marauder x3  
  151  14:04  Marine x2, Marauder  
  151  14:09  Marine x2  
  150  14:10  Marine x2  
  150  14:12  Medivac x2  
  158  14:19  Medivac x2  
  158  14:20  Marine x2, Marauder  
  166  14:24  Command Center  
  166  14:30  Marine x4  
Show
View Real Time Build Order
Export as new Build Order

deadlyKitten Protoss 

Build Orders: 1 Gate Expand, Blink Stalkers 

Get SALT Encoding   

  12  0:00  Probe  
  13  0:12  Probe  
  14  0:17  Pylon  
  14  0:24  Probe  
  15  0:32  Probe  
  15  0:38  Gateway  
  15  0:40  Probe  
  16  0:47  Assimilator  
  17  0:51  Probe  
  18  1:03  Probe  
  19  1:15  Probe  
  20  1:25  Cybernetics Core  
  20  1:35  Nexus  
  20  1:43  Pylon, Probe  
  21  1:50  Assimilator  
  21  1:53  Adept  
  21  1:55  Probe  
  22  2:04  Warp Gate  
  22  2:07  Probe  
  25  2:13  Adept  
  25  2:20  Probe  
  28  2:31  Twilight Council  
  28  2:32  Probe  
  29  2:40  Stalker  
  29  2:42  Blink  
  31  2:46  Probe  
  31  2:47  Probe  
  33  2:57  Gateway  
  33  2:59  Probe  
  33  3:01  Probe  
  35  3:11  Probe  
  36  3:13  Probe  
  37  3:23  Probe  
  38  3:27  Probe  
  39  3:35  Probe  
  39  3:36  Robotics Facility  
  39  3:39  Probe  
  41  3:44  Pylon, Gateway  
  41  3:47  Probe  
  42  3:51  Probe  
  42  3:53  Stalker  
  45  3:59  Probe  
  45  4:02  Pylon  
  46  4:03  Probe  
  46  4:04  Stalker  
  49  4:11  Probe  
  49  4:14  Warp Prism  
  50  4:19  Probe, Stalker  
  55  4:32  Nexus  
  55  4:38  Pylon  
  55  4:40  Stalker  
  57  4:57  Observer, Stalker x2  
  57  4:59  Probe  
  63  5:01  Assimilator  
  63  5:02  Shield Battery  
  63  5:05  Pylon  
  63  5:13  Probe  
  63  5:14  Probe  
  65  5:18  Forge, Stalker  
  67  5:21  Observer  
  67  5:25  Stalker x2  
  67  5:26  Probe x2  
  74  5:34  Charge  
  74  5:38  Probe x2  
  76  5:44  Probe  
  76  5:46  Probe  
  75  5:50  Probe  
  75  5:52  Probe, Stalker x3  
  75  5:54  Probe  
  84  5:58  Pylon, Observer  
  84  6:02  Probe x2  
  84  6:03  Probe  
  88  6:11  Probe  
  88  6:13  Protoss Ground Weapons Level 1  
  89  6:19  Probe  
  89  6:20  Probe  
  89  6:23  Gateway  
  91  6:28  Gateway  
  91  6:29  Gateway  
  91  6:31  Gateway  
  91  6:32  Probe x2  
  93  6:34  Robotics Bay, Gateway  
  93  6:35  Assimilator  
  93  6:41  Probe  
  93  6:42  Sentry  
  93  6:43  Zealot x2  
  93  6:44  Probe  
  101  6:47  Pylon  
  101  6:49  Pylon  
  101  6:53  Gateway  
  101  7:05  Probe  
  101  7:08  Zealot x3  
  108  7:10  Colossus  
  108  7:14  Nexus  
  108  7:15  Pylon  
  108  7:17  Extended Thermal Lance  
  108  7:20  Zealot  
  106  7:29  Zealot x2  
  116  7:33  Pylon  
  116  7:35  Pylon x2, Zealot x2  
  120  7:37  Zealot  
  120  7:39  Zealot  
  124  7:46  Probe  
  124  7:50  Shield Battery  
  125  7:51  Zealot x3  
  131  7:58  Colossus  
  131  7:59  Protoss Ground Weapons Level 2  
  135  8:06  Zealot x4  
  135  8:07  Probe x2  
  140  8:21  Probe  
  140  8:22  Forge, Probe x2  
  143  8:31  Stalker x4  
  151  8:36  Protoss Ground Armor Level 1  
  147  8:43  Zealot x5  
  151  8:54  Colossus  
  153  8:57  Gravitic Drive, Probe  
  154  9:16  Zealot x2  
  154  9:17  Zealot x7  
  162  9:25  Observer  
  138  9:39  Robotics Facility  
  138  9:40  Zealot  
  140  9:47  Stalker x6  
  140  9:48  Disruptor, Stalker  
  140  9:49  Nexus, Probe x2  
  140  9:52  Assimilator  
  160  9:54  Assimilator  
  160  9:55  Gateway  
  160  9:56  Pylon  
  160  9:59  Zealot  
  162  10:05  Zealot  
  164  10:09  Pylon  
  164  10:11  Pylon  
  164  10:21  Zealot x8  
  138  10:37  Disruptor  
  138  10:40  Disruptor  
  138  10:41  Pylon, Zealot x4  
  138  10:42  Zealot x5  
  128  10:55  Stalker  
  130  10:57  Probe  
  130  11:02  Stalker x7  
  130  11:04  Disruptor  
  135  11:10  Stalker x2  
  135  11:15  Dark Shrine  
  135  11:17  Protoss Ground Armor Level 2  
  135  11:20  Probe  
  135  11:22  Probe  
  137  11:29  Disruptor  
  137  11:34  Protoss Ground Weapons Level 3  
  137  11:36  Zealot x8  
  137  11:37  Zealot  
  159  11:45  Probe  
  159  11:46  Probe x4  
  164  11:47  Colossus  
  170  12:01  Assimilator  
  170  12:04  Assimilator  
  168  12:27  Colossus  
  170  12:30  Zealot x3  
  170  12:31  Zealot x7  
  190  12:40  Colossus  
  188  12:54  Stalker x7  
  188  12:55  Stalker  
  200  13:29  Templar Archives  
  200  13:31  Nexus, Zealot x6  
  200  13:32  Zealot x3  
  200  13:39  Zealot  
  123  13:55  Zealot  
  123  13:56  Zealot x8  
  109  14:02  Zealot  
  109  14:03  Zealot x9  
  121  14:12  Pylon  
  117  14:23  Dark Templar x2  
  119  14:29  Stalker x4  
  119  14:30  Zealot  
  119  14:31  Zealot x3  
Tags
 
Add a new tag
Caveats
  • Supply blocks, unpowered buildings, or Contaminate may cause inaccurate times.
  • Supply counts are checked every 10 seconds.